 Dungeon Crawl Stone Soup version 0.19.5 (webtiles) character file.

861 Reinor the Covert (level 7, -1/46 HPs)
             Began as a Vampire Enchanter on Mar 25, 2017.
             Slain by a wyvern zombie (11 damage)
             ... in an ossuary.
             The game lasted 00:15:46 (5209 turns).

Reinor the Covert (Vampire Enchanter)               Turns: 5209, Time: 00:15:47

Health: -1/46      AC:  5    Str:  7    XL:     7   Next: 71%
Magic:  3/13       EV: 12    Int: 20    God:
Gold:   227        SH:  0    Dex: 14    Spells: 5 memorised, 2 levels left

rFire  . . .     SeeInvis +     r - +3 short sword (venom)
rCold  . . .     Gourm    .     b - +1 robe
rNeg   + . .     Faith    .     (no shield)
rPois  .         Spirit   .     (no helmet)
rElec  .         Reflect  .     (no cloak)
rCorr  .         Harm     .     k - +0 pair of gloves
MR     +....                    w - +0 pair of boots
Stlth  ++++......               (no amulet)
                                u - ring of protection from magic
                                l - ring of wizardry

@: no status effects
A: fangs 3, see invisible, unbreathing
a: Bat Form


You were in an ossuary.
You were not thirsty.

You visited 1 branch of the dungeon, and saw 5 of its levels.
You also visited: Ossuary.

You collected 227 gold pieces.

Inventory:

Hand Weapons
 a - a +1 dagger
 r - a +3 short sword of venom (weapon)
Missiles
 o - 13 poisoned needles
Armour
 b - a +1 robe (worn)
 k - a +0 pair of gloves (worn)
 n - a +1 buckler
 w - a +0 pair of boots (worn)
Jewellery
 l - a ring of wizardry (left hand)
 s - an uncursed ring of protection from magic
 u - a ring of protection from magic (right hand)
 x - an uncursed ring of positive energy
Scrolls
 e - a scroll of enchant armour
 f - a scroll of remove curse
 i - a scroll of recharging
Potions
 d - 16 potions of blood
 g - a potion of curing
 j - a potion of heal wounds
 m - a potion of might
 p - 3 potions of brilliance
 t - a potion of degeneration {unknown}
Books
 c - a book of Maledictions

   Spells                             Type                      Level
   a - Corona                         Hexes                        1
   b - Ensorcelled Hibernation        Hexes/Ice                    2
   c - Confuse                        Hexes                        3
   d - Tukima's Dance                 Hexes                        3
   e - Dazzling Spray                 Conjuration/Hexes            3


   Skills:
 + Level 0.0 Fighting
 - Level 4.0 Short Blades
 + Level 2.1 Dodging
 - Level 9.1 Stealth
 - Level 4.0 Spellcasting
 - Level 8.0 Hexes


You had 2 spell levels left.
You knew the following spells:

 Your Spells              Type           Power        Failure   Level  Hunger
a - Corona                Hex            #####..      1%          1    None
b - Ensorcelled Hibernat  Hex/Ice        ###...       1%          2    #......
c - Confuse               Hex            #####...     1%          3    ###....
d - Tukima's Dance        Hex            #####...     1%          3    ###....
e - Dazzling Spray        Conj/Hex       ###...       4%          3    ###....


Dungeon Overview and Level Annotations

Branches:
Dungeon (5/15)
 Temple: D:4-7

Altars:


Innate Abilities, Weirdness & Mutations

You have razor-sharp teeth.
You have supernaturally acute eyesight. (SInv)
You can survive without breathing.


Message History

The wyvern zombie closely misses you.
A bog mummy opens the door.
You start resting.
Casting: Confuse
Confirm with . or Enter, or press ? or * to list all spells.
Aiming: Confuse
Press: ? - help, Shift-Dir - straight line, f/p - wyvern zombie
Aim: a wyvern zombie (chance to defeat MR: 75%)
The wyvern zombie struggles to resist.
The wyvern zombie bites you!
* * * LOW HITPOINT WARNING * * *
The wyvern zombie bites you but does no damage.
Casting: Confuse
Confirm with . or Enter, or press ? or * to list all spells.
Aiming: Confuse
Press: ? - help, Shift-Dir - straight line, f/p - wyvern zombie
Aim: a wyvern zombie (chance to defeat MR: 75%)
The wyvern zombie appears confused.
A howler monkey zombie comes into view.
There is an empty arch of ancient stone here.
The wyvern zombie bites you!
You die...

#≈ #≈# #≈≈ ≈≈#
.≈ #
###+#+#≈#'#'#.
#.'...≈Z.≈M≈.Z
##Z## #..@#
#.∩.# #..∩#
#####


You could see a wyvern zombie (confused).

Vanquished Creatures
  2 ogres (D:4)
  2 scorpions
  3 orc priests
  2 hounds (D:5)
  A bullfrog skeleton (D:4)
  3 iguanas (D:4)
  4 orc wizards (D:4)
  A worker ant (D:4)
  A hound skeleton (D:4)
  2 mummies
  A worker ant zombie (D:3)
  4 gnolls
  2 adders
  An ooze (D:3)
  An adder skeleton (D:4)
  A worm (D:5)
  2 dart slugs
  2 leopard geckos (D:2)
  14 orcs
  8 bats
  2 giant cockroaches
  5 goblins
  4 hobgoblins
  4 jackals (D:3)
  6 quokkas
  4 frilled lizards
  7 kobolds
  A quokka zombie (D:5)
  8 rats
98 creatures vanquished.

Vanquished Creatures (others)
  2 withered plants (Ossuary)
2 creatures vanquished.

Grand Total: 100 creatures vanquished

Notes
Turn   | Place    | Note
-------+----------+-------------------------------------------
     0 | D:1      | Reinor the Vampire Enchanter began the quest for the Orb.
     0 | D:1      | Reached XP level 1. HP: 13/13 MP: 3/3
   281 | D:1      | Reached XP level 2. HP: 19/19 MP: 5/5
   285 | D:1      | Learned a level 2 spell: Ensorcelled Hibernation
   448 | D:1      | Reached skill level 5 in Stealth
  1235 | D:2      | Reached XP level 3. HP: 24/24 MP: 6/6
  1778 | D:2      | Reached skill level 6 in Stealth
  1778 | D:2      | Reached XP level 4. HP: 21/30 MP: 4/7
  1793 | D:2      | Learned a level 3 spell: Confuse
  2481 | D:3      | Reached XP level 5. HP: 35/35 MP: 8/8
  2681 | D:3      | Reached skill level 7 in Stealth
  2858 | D:3      | Reached skill level 8 in Stealth
  3352 | D:4      | Reached XP level 6. HP: 29/41 MP: 9/9
  3364 | D:4      | Reached skill level 9 in Stealth
  3773 | D:4      | Reached skill level 5 in Hexes
  4104 | D:4      | Learned a level 3 spell: Tukima's Dance
  4426 | D:4      | Reached XP level 7. HP: 44/46 MP: 11/11
  4542 | D:4      | Learned a level 3 spell: Dazzling Spray
  4881 | D:5      | Entered Level 5 of the Dungeon
  5046 | D:5      | Found a sand-covered staircase.
  5140 | Ossuary  | Entered an ossuary
  5209 | Ossuary  | Slain by a wyvern zombie

Skill      XL: |  1  2  3  4  5  6  7 |
---------------+----------------------+-----
Stealth        | 5 6 8 9 |  9.1
Short Blades   | 2 3 4 |  4.0
Hexes          | 6 8 |  8.0
Spellcasting   | 3 4 |  4.0
Dodging        | |  2.1

Action                   |  1- 3 |  4- 6 |  7- 9 || total
-------------------------+-------+-------+-------++-------
Melee: Dagger            |   123 |    69 |       ||   192
       Bite              |     7 |    12 |     5 ||    24
       Short sword       |       |   101 |    59 ||   160
 Cast: Ensorcelled Hiber |     2 |    12 |     5 ||    19
       Corona            |       |     1 |     1 ||     2
       Confuse           |       |       |     5 ||     5
  Use: Scroll            |     1 |       |     9 ||    10
       Potion            |     2 |     9 |     2 ||    13
 Stab: Sleeping          |    14 |    19 |     6 ||    39
       Confused          |       |       |     1 ||     1
Armor: Robe              |    34 |    19 |    13 ||    66
Dodge: Dodged            |    81 |    83 |    34 ||   198
